 Dungeon Crawl Stone Soup version 0.29-a0-419-g77450f2 (webtiles) character file.

Game seed: 13559697553806797411

131 Illumine the Bolt Thrower (level 4, 0/37 HPs)
             Began as a Minotaur Hunter on May 18, 2022.
             Slain by an orc priest
             ... wielding a +0 dagger
              (2 damage)
             ... on level 3 of the Dungeon.
             The game lasted 00:01:57 (2505 turns).

Illumine the Bolt Thrower (Minotaur Hunter)         Turns: 2505, Time: 00:01:58

Health: 0/37       AC:  4    Str: 15    XL:     4   Next: 91%
Magic:  3/3        EV: 12    Int:  6    God:
Gold:   136        SH:  0    Dex: 16    Spells: 3/3 levels left

rFire   . . .      SeeInvis .   a - +1 hand crossbow
rCold   . . .      Faith    .   (no shield)
rNeg    . . .      Spirit   .   b - +0 leather armour
rPois   .          Reflect  .   (helmet restricted)
rElec   .          Harm     .   (no cloak)
rCorr   .          Rampage  .   (no gloves)
Will    .....                   k - +0 pair of boots
Stlth   +.........              (no amulet)
HPRegen 0.12/turn               (no ring)
MPRegen 0.08/turn               (no ring)

@: no status effects
A: horns 2, retaliatory headbutt
a: no special abilities


You were on level 3 of the Dungeon.
You visited 1 branch of the dungeon, and saw 3 of its levels.

You collected 136 gold pieces.

Inventory:

Hand Weapons
 a - a +1 hand crossbow (weapon)
 j - a +0 war axe
Armour
 b - a +0 leather armour (worn)
 k - a +0 pair of boots (worn)
Scrolls
 c - 3 scrolls of immolation
 d - a scroll of summoning {unknown}
 f - a scroll of identify {unknown}
 g - a scroll of noise {unknown}
 i - a scroll of fear {unknown}
 l - 3 scrolls of teleportation {unknown}
 m - 2 scrolls of blinking {unknown}
Potions
 e - a potion of heal wounds {unknown}
 h - 2 potions of curing {unknown}
 n - a potion of might {unknown}


   Skills:
 - Level 2.4 Fighting
 + Level 6.9 Crossbows
 - Level 2.1 Dodging
 - Level 0.7 Stealth


You had 3 spell levels left.
You didn't know any spells.
Your spell library was empty.

Dungeon Overview and Level Annotations

Branches:
Dungeon (3/15)

Altars:
Cheibriados


Innate Abilities, Weirdness & Mutations

You have a pair of horns on your head.
You reflexively headbutt those who attack you in melee.


Message History

Press: ? - help, Shift-Dir - straight line, f/p - orc priest
Aim: an orc priest, wielding a +0 dagger and wearing a +0 ring mail (severely wounded, 69% to hit)
You shoot a bolt. The bolt barely misses the orc priest.
The orc priest hits you but does no damage.
The orc hits you with a +0 whip. The orc priest misses you. The orc misses you.
Shoot: a) +1 hand crossbow
Press: ? - help, Shift-Dir - straight line, f/p - orc priest
Aim: an orc priest, wielding a +0 dagger and wearing a +0 ring mail (severely wounded, 69% to hit)
You shoot a bolt.
The bolt hits the orc priest but does no damage.
The orc priest is severely wounded.
The orc priest casts a cantrip, but nothing happens.
The orc barely misses you.
Shoot: a) +1 hand crossbow
Press: ? - help, Shift-Dir - straight line, f/p - orc priest
Aim: an orc priest, wielding a +0 dagger and wearing a +0 ring mail (severely wounded, 69% to hit)
You shoot a bolt. The bolt barely misses the orc priest.
The orc priest hits you but does no damage.
The orc hits you but does no damage.
Shoot: a) +1 hand crossbow
Press: ? - help, Shift-Dir - straight line, f/p - orc priest
Aim: an orc priest, wielding a +0 dagger and wearing a +0 ring mail (severely wounded, 69% to hit)
You shoot a bolt. The bolt closely misses the orc priest.
The orc priest hits you but does no damage.
The orc closely misses you.
Shoot: a) +1 hand crossbow
Press: ? - help, Shift-Dir - straight line, f/p - orc priest
Aim: an orc priest, wielding a +0 dagger and wearing a +0 ring mail (severely wounded, 69% to hit)
You shoot a bolt. The bolt hits the orc priest.
The orc priest is severely wounded.
The orc priest mumbles some strange prayers to Beogh against you.
Beogh smites you!
* * * LOW HITPOINT WARNING * * *
The orc closely misses you.
Shoot: a) +1 hand crossbow
Press: ? - help, Shift-Dir - straight line, f/p - orc priest
Aim: an orc priest, wielding a +0 dagger and wearing a +0 ring mail (severely wounded, 69% to hit)
You shoot a bolt. The bolt closely misses the orc priest.
The orc misses you.
The orc priest hits you with a +0 dagger.
You die...

.# #.#.#.# #.#.. .†.
#.#.#.# #.### .#.#
#.#.#.# ##.# #
....###)#.#.# #.. #
#......#...# ##.####
#........## ###.(....
####....## #........
#....#######.......#
##.@..............##
..##oo...######.#..##
.......)......# #..#[.#
###..#..##..#.###.##..#
#....###........##..#
)#.... ##.....#####..
.##..#. #.....# #.##
...#. #.....# ..#
#...#. #........ ..#


You could see an orc priest and an orc.

Vanquished Creatures
  5 adders
  4 dart slugs
  5 orcs (D:3)
  6 bats
  6 endoplasms
  5 giant cockroaches
  5 goblins
  3 hobgoblins
  7 kobolds
  3 quokkas
  8 ball pythons
  4 frilled lizards
  10 rats
71 creatures vanquished.

Notes
Turn   | Place    | Note
-------+----------+-------------------------------------------
     0 | D:1      | Illumine the Minotaur Hunter began the quest for the Orb.
     0 | D:1      | Reached XP level 1. HP: 18/18 MP: 0/0
    98 | D:1      | Reached XP level 2. HP: 25/25 MP: 1/1
   150 | D:1      | Reached skill level 5 in Crossbows
   313 | D:1      | Found a faded altar of an unknown god.
   699 | D:1      | Reached XP level 3. HP: 30/30 MP: 2/2
  1486 | D:2      | Reached skill level 6 in Crossbows
  1533 | D:2      | Reached XP level 4. HP: 35/37 MP: 3/3
  1611 | D:2      | You fall into a shaft and drop 1 floor!
  1656 | D:3      | Found a snail-covered altar of Cheibriados.
  2505 | D:3      | Slain by an orc priest

Illustrated notes

Levels and vault maps discovered:
D:1:      dpeg_arrival_yet_another_circle, layout_loops_ring,
          hellmonk_ecumenical_altar_zigzags
D:2:      layout_basic, grunt_ministairs_2, minmay_misc_feat_cross,
          roderic_serpentine_path
D:3:      layout_rooms, kennysheep_slug_shrine, gammafunk_ghost_abyssal_escape

Skill      XL: |  1  2  3 |
---------------+----------+-----
Crossbows      | 5 6 |  6.9
Fighting       | |  2.4
Dodging        | |  2.1
Stealth        | |  0.7

Action                   |  1- 3 |  4- 6 || total
-------------------------+-------+-------++-------
 Fire: Hand crossbow     |   115 |    69 ||   184
Armor: Leather armour    |    19 |     9 ||    28
Dodge: Dodged            |    35 |    23 ||    58

Table legend: (Time is in decaauts)
 A = Elapsed time spent in this place.
 B = Non-inter-level travel time spent in this place.
 C = Inter-level travel time spent in this place.
 D = Time resting spent in this place.
 E = Time spent auto-exploring this place.
 F = Levels seen in this place.
 G = Mean time per level.
                   A        B        C        D        E       F      G
               +--------+--------+--------+--------+--------+-----+--------+
         Total |   2550 |   2509 |     41 |    109 |   2023 |   3 |  850.0 |
       Dungeon |   2550 |   2509 |     41 |    109 |   2023 |   3 |  850.0 |
               +--------+--------+--------+--------+--------+-----+--------+

Top non-repeatable levels by time:
     D:2: 1274 daAuts
     D:1: 1028 daAuts
     D:3: 247 daAuts
